[Event "87th Spanish Championship 2022"]
[Site "Linares"]
[Date "2022.08.16"]
[Round "7.8"]
[White "Cuenca Jimenez, Jose Fernando"]
[Black "Domingo Nunez, Ruben"]
[Result "1-0"]
[ECO "B31"]
[WhiteElo "2552"]
[BlackElo "2361"]
[Annotator "TA"]
[PlyCount "93"]
[EventDate "2022.08.11"]
[EventType "swiss"]
[EventCountry "ESP"]
[SourceTitle "playchess.com"]
[Source "ChessBase"]
[SourceQuality "1"]
[TimeControl "5400+30"]

1. e4 c5 2. Nf3 Nc6 3. Bb5 g6 4. Bxc6 bxc6 5. O-O Bg7 6. Re1 Nh6 7. c3 O-O 8. d4 cxd4 9. cxd4 d5 10. e5 {[%emt 0:01:47] B31: Sicilian: 2...Nc6 3 Bb5 g6.} Bg4 11. Nbd2 $1 Nf5 12. h3 {[%emt 0:00:39] White is slightly better.} Bxf3 13. Nxf3 {[%emt 0:00:03] [#]} Qb6 $146 ({Predecessor:} 13... e6 14. b3 Qa5 15. Bg5 h6 16. Qd2 Qxd2 17. Bxd2 a5 18. Rec1 Ra6 19. Rc5 a4 {0-1 (71) Turov,M (2539)-Rotstein,A (2492) Chalkida 2000}) 14. g4 Nh6 15. b3 f5 16. g5 Nf7 17. Ba3 Rae8 18. Qd2 f4 19. Kh2 ({Much less strong is} 19. Bc5 Qc7 $14) 19... Nd8 20. Rac1 ({But not} 20. Bc5 Qc7 $14) 20... Rf5 21. h4 {[%emt 0:03:24] White is more active.} Kf7 22. h5 {[%emt 0:04:16] Black must now prevent Nh4.} Ne6 23. Rg1 ({Don't take} 23. h6 Bf8 $16) 23... Qa6 (23... Rf8 $142 24. Bb2 Ke8) 24. Bb4 Rb8 (24... Rf8 $142 25. Bc5 Qb7) 25. h6 $2 ({Only move:} 25. Nh4 $18) 25... Bxh6 $11 26. gxh6 Rxb4 $1 27. Qxb4 Qe2 28. Kg2 Ng5 29. Rc3 Nxf3 {[%emt 0:05:48][%mdl 64] [#] Remove Defender} 30. Rxf3 {[%emt 0:00:04] The board is on fire.} Rg5+ 31. Kh2 Rh5+ 32. Rh3 Qxf2+ 33. Rg2 Rxh3+ 34. Kxh3 Qe3+ (34... Qf3+ $11 {and Black is okay.} 35. Kh2 Qh5+ 36. Kg1 Qd1+ 37. Kh2 Qh5+ 38. Kg1 Qd1+ 39. Kh2 Qh5+) 35. Kh2 $18 f3 36. Qd2 Qe4 37. Qf2 Qf4+ 38. Rg3 Qxh6+ 39. Rh3 Qf4+ 40. Kh1 Qc1+ 41. Qg1 Qf4 42. Qf1 (42. Rxh7+ $142 Kf8 43. Qxg6 Qc1+ 44. Kh2 Qd2+ 45. Kh3 Qg2+ 46. Qxg2 fxg2 47. Kxg2) 42... f2 (42... Qxd4 $142 43. Rxf3+ Ke6 44. Qh3+ Kxe5 45. Re3+ Kd6 46. Qe6+ Kc5 47. Qxe7+ Kb5 48. Qb7+ Qb6) 43. Kg2 {[%emt 0:00:04] [#] Hoping for Rf3.} Qg4+ 44. Rg3 Qe4+ 45. Rf3+ Ke6 46. Qxf2 g5 {[%emt 0:00:02] Threatens to win with ...g4.} 47. Qe3 {[%emt 0:00:24] Weighted Error Value: White=0.17 (very precise) /Black=0.47} 1-0

[Event "87th Spanish Championship 2022"]
[Site "Linares"]
[Date "2022.08.16"]
[Round "7.9"]
[White "Martinez Fernandez, Adrian"]
[Black "Lopez Martinez, Josep Manuel"]
[Result "0-1"]
[ECO "B40"]
[WhiteElo "2366"]
[BlackElo "2486"]
[Annotator "TA"]
[PlyCount "138"]
[EventDate "2022.08.11"]
[EventType "swiss"]
[EventCountry "ESP"]
[SourceTitle "playchess.com"]
[Source "ChessBase"]
[SourceQuality "1"]
[TimeControl "5400+30"]

1. e4 c5 2. Nf3 e6 3. c4 Nc6 4. Nc3 e5 5. d3 h6 6. a3 {[%emt 0:01:02] B40: Sicilian: 2...e6, Unusual lines.} Nf6 7. Rb1 {[%emt 0:01:39] [#]} Be7 $146 ({Predecessor:} 7... d6 8. b4 b6 9. Be2 Be7 10. O-O O-O 11. h3 Kh8 12. Nh2 Nh7 13. Bg4 Bg5 {1-0 (68) Maze,S (2536)-Byron,A (2149) Caleta 2014}) 8. g3 {[%emt 0:03:24] The position is equal.} O-O 9. Bg2 a6 10. O-O Rb8 11. Nh4 d6 12. Nf5 Bxf5 13. exf5 Nd4 14. g4 b5 15. h3 Qd7 16. f4 b4 17. axb4 {[%emt 0:00:37] [#] Strongly threatening g5.} cxb4 (17... Rxb4 $2 18. g5 $18) 18. Ne2 Nxe2+ 19. Qxe2 exf4 $1 20. Bxf4 a5 21. Bf3 (21. Kh1 $11) 21... Nh7 (21... Rbc8 $15) 22. Qh2 (22. b3 $142) 22... a4 $11 (22... Ng5 23. Bg2 $14) 23. Ra1 {[%emt 0:01:57] Against a3} Bf6 (23... Ng5 24. Bd5 $14) 24. Bxd6 Bxb2 25. Rxa4 (25. Qxb2 Qxd6 26. Rxa4 Rfe8 $19) ({White must play} 25. Rae1 $1 $15 Qa7+ 26. Kg2) 25... Bd4+ $19 26. Kh1 Qxa4 27. Bxb8 {[%emt 0:00:02] This bishop pair is nice.} b3 28. Be5 Qa7 ({Better is} 28... Qd7 $17 {Threatens to win with ...Bxe5.} 29. Bf4 (29. Bd5 $2 Bxe5 30. Qxe5 Nf6 $19) 29... Bc3) 29. Qf4 (29. c5 $1 $11 {keeps the balance.} Qxc5 30. Bd6) 29... Rd8 (29... Bxe5 $17 30. Qxe5 Qa2) 30. Bd5 $2 (30. Bxd4 $11 Rxd4 31. Qe3) 30... Bxe5 31. Qxe5 Nf6 32. Rb1 $2 (32. Ra1 Qf2 33. Qe7 Rxd5 34. cxd5) 32... Re8 33. Qb2 Qa2 $2 (33... Nxd5 34. cxd5 Qe3) 34. Qxa2 bxa2 35. Ra1 Nxd5 36. Rxa2 {[%emt 0:00:37][%mdl 4096] Endgame KRN-KR} Nf4 37. d4 Re3 ({Inferior is} 37... Nxh3 38. d5 $17) 38. Ra8+ Kh7 39. Rd8 (39. d5 {was worth a try.} Rxh3+ 40. Kg1) 39... Rc3 40. c5 Rc4 ({Don't blunder} 40... Nxh3 $2 41. Kg2 $19) ({Don't go for} 40... Rxh3+ $2 41. Kg1) 41. Kh2 $2 (41. Rd7 {was called for.}) 41... Ne2 42. d5 Rxc5 43. d6 Rd5 44. d7 Nd4 {[%emt 0:01:43] White must now prevent ...Nf3+.} 45. Kg3 g5 {[%emt 0:01:12] And now ...Rd6 would win.} 46. Kf2 $2 (46. fxg6+ {was the only defense.} fxg6 47. Kf4 Ne6+ 48. Ke4) 46... Kg7 47. Ke3 Rd6 48. Ke4 f6 49. Ke3 Kf7 50. Rh8 Nc2+ (50... Nc6 $142 51. Rh7+ Kg8 52. Rxh6 Kg7 53. Rg6+ Kf7) 51. Kf2 (51. Ke2 $142 Nd4+ 52. Kf2) 51... Rxd7 52. Rh7+ Ke8 53. Rxh6 Rd2+ 54. Kf3 Kf7 55. h4 $2 (55. Rh7+ Kf8 56. Rc7) 55... gxh4 {[%emt 0:00:23] Black is clearly winning.} 56. Rxh4 {[%emt 0:00:09] [#]} Ne1+ $1 57. Kg3 Rg2+ 58. Kf4 Nd3+ 59. Kf3 Rg1 60. Rh7+ Kg8 61. Rc7 Ne5+ 62. Ke4 Nxg4 63. Kd5 Re1 64. Kd6 Nh6 {[%emt 0:00:41] ...Re5 is the strong threat.} 65. Rc5 {[%emt 0:00:43] Against Re5} Kg7 (65... Re5 $142 66. Rc8+ Kg7 67. Rc7+ Nf7+ 68. Kc6 Rxf5) 66. Ra5 (66. Rc7+ $142 Nf7+ 67. Kd5) 66... Nf7+ 67. Kd7 Re5 68. Ra1 Rxf5 69. Rg1+ Ng5 {[%emt 0:00:26] Weighted Error Value: White=0.77/Black=0.28 (precise)} 0-1

[Event "87th Spanish Championship 2022"]
[Site "Linares"]
[Date "2022.08.16"]
[Round "7.10"]
[White "Ladron De Guevara Pinto, Paolo"]
[Black "Vega Gutierrez, Sabrina"]
[Result "0-1"]
[ECO "B40"]
[WhiteElo "2444"]
[BlackElo "2366"]
[Annotator "TA"]
[PlyCount "76"]
[EventDate "2022.08.11"]
[EventType "swiss"]
[EventCountry "ESP"]
[SourceTitle "playchess.com"]
[Source "ChessBase"]
[SourceQuality "1"]
[TimeControl "5400+30"]

1. e4 c5 2. Nf3 e6 3. d4 cxd4 4. Nxd4 Nf6 5. Nc3 Nc6 6. Nxc6 bxc6 7. e5 Nd5 8. Ne4 Qc7 9. f4 Qb6 10. c4 Bb4+ 11. Ke2 f5 12. Nf2 Ba6 13. Kf3 Ne7 14. Be3 Bc5 15. Bxc5 {[%emt 0:00:08] B45: Sicilian Four Knights.} Qxc5 16. Qd6 Qa5 17. Be2 {[%emt 0:05:15] The position is equal.} g5 18. Rhd1 (18. fxg5 Ng6 $15) 18... g4+ 19. Ke3 {[%emt 0:10:07] Threatening b3.} Rd8 {[%emt 0:23:35] [#]} 20. b4 $146 ({Predecessor:} 20. b3 Nc8 21. Qd4 c5 22. Qb2 Bb7 23. h3 h5 24. hxg4 hxg4 25. Rh1 Ke7 26. Rag1 {0-1 (46) Seemann,J (2382)-Lavrencic,M (2151) Thessaloniki 2022}) 20... Qa3+ 21. Rd3 Qb2 22. Qd4 Qxb4 23. Rb3 c5 24. Qb2 (24. Qd3 $11 {and White is okay.} Qa4 25. Ra3) 24... Qa4 $1 $19 25. Ra3 Qc6 26. Rd1 Bxc4 27. Bxc4 $17 Qxg2 {[%emt 0:00:09] White must now prevent ...Qf3+.} 28. Qe2 {[%emt 0:04:39] [#] Inhibits Qf3+.} Ng6 $2 (28... Qxh2 29. Nd3 Qg3+ 30. Kd2 $15) (28... Nc6 $1 $17 {[%cal Rc6d4] And now ...Nd4 would win.} 29. Nxg4 Qh3+ 30. Qf3 Qxf3+ 31. Kxf3 fxg4+ 32. Kxg4 Rg8+ 33. Kh3 Rf8) 29. Rxa7 $11 {[%emt 0:05:57][%cal Oc4e6] Strongly threatening Bxe6!} Qxh2 {[%emt 0:09:13] Chess con chili.} 30. Nd3 $36 {[%emt 0:00:57][%csl LRc5,LRh2][%mdl 2048] White is pushing.} Qg3+ 31. Kd2 Nxf4 32. Nxf4 Qxf4+ 33. Kc2 {[%emt 0:00:35][%cal Oc4e6] aiming for Bxe6!} O-O $1 34. Rdxd7 Rxd7 35. Rxd7 Kh8 36. Bxe6 {[%emt 0:03:30] Hoping for Bc4.} Qa4+ {[%emt 0:12:35] [#]} (36... Re8 $14 37. Bb3 Rxe5) 37. Kc1 $1 $18 ({Worse is} 37. Kb1 Rb8+ 38. Ka1 Qf4 $14) 37... Rb8 $2 (37... g3 {is a better defense.}) 38. Qd2 $4 (38. Qh2 {gets mated.} Qa3+ 39. Kd1 Rb1+ 40. Ke2 Qf3+ 41. Kd2 Rb2+ 42. Kc1 Qc3+ 43. Kd1 Rb1+ 44. Ke2 Re1+ 45. Kf2 Qe3+ 46. Kg2 Qf3#) (38. Qd3 $18 Qf4+ 39. Kd1 Qxe5 40. Rd8+ Kg7 41. Rxb8 Qxb8 42. Qxf5 Qd8+ 43. Kc2) 38... Qa3+ {[%emt 0:00:39] Never resign too early!  Weighted Error Value: White=0.37/Black=0.31} 0-1

[Event "87th Spanish Championship 2022"]
[Site "Linares"]
[Date "2022.08.16"]
[Round "7.11"]
[White "Plazuelo Pascual, Juan"]
[Black "Masague Artero, Guerau"]
[Result "1-0"]
[ECO "B30"]
[WhiteElo "2448"]
[BlackElo "2319"]
[Annotator "TA"]
[PlyCount "111"]
[EventDate "2022.08.11"]
[EventType "swiss"]
[EventCountry "ESP"]
[SourceTitle "playchess.com"]
[Source "ChessBase"]
[SourceQuality "1"]
[TimeControl "5400+30"]

1. e4 c5 2. Nf3 Nc6 3. Bc4 d6 4. O-O Nf6 5. Re1 g6 {[%emt 0:01:48][%cal Of6e4] [#]} 6. Bd5 $146 {[%emt 0:00:30] B50: Sicilian: 2...d6, Miscellaneous.} ({Predecessor:} 6. c3 Bg7 7. Bb3 O-O 8. h3 b5 9. d4 e5 10. dxc5 dxc5 11. Qe2 c4 12. Bc2 Rb8 {½-½ (51) Grandelius,N (2643)-Mustaps,M (2302) Tallinn 2016}) 6... Nb4 7. Bb3 Bg7 8. e5 {[%emt 0:01:57] White has an edge.} dxe5 9. Nxe5 O-O 10. Qf3 e6 11. d3 Nd7 12. Nc4 (12. Nxf7 Rxf7 13. Bxe6 Ne5 14. Bxf7+ Nxf7 $17) 12... Nc6 13. Qh3 h5 (13... Nd4 {is more complex.} 14. Bh6 b5 15. Nd6 Bxh6 16. Qxh6 Qc7) 14. Nbd2 Nf6 15. Nf3 Nd5 16. Qg3 Nd4 (16... Qc7 $11 {might be stronger.}) 17. Nxd4 $14 cxd4 18. Bg5 Bf6 (18... Qd7 $14) 19. Bxf6 Qxf6 20. Nd6 Nf4 21. Ne4 Qf5 22. Qh4 Kg7 23. Nd6 (23. f3 $16) 23... Qg4 $11 24. Qxg4 {[%emt 0:00:50] Active counter play!} hxg4 25. Ba4 f5 26. h3 Rd8 27. Nxc8 Raxc8 28. hxg4 fxg4 29. Re4 Rf8 30. Rf1 Rc5 {[%emt 0:01:53] [#]} (30... b5 $11 {keeps the balance.} 31. Bb3 (31. Bxb5 $2 Rxc2 32. Kh2 Rh8+ 33. Kg3 Nh5+ 34. Kxg4 Nf6+ 35. Kf3 Nxe4 $19) 31... a5) 31. g3 $1 $36 {[%emt 0:00:11][%mdl 2048] White is on the roll.} Nh3+ 32. Kg2 Rcf5 33. Rxg4 Rxf2+ 34. Rxf2 Nxf2 35. Rxd4 {[%emt 0:00:17][%mdl 4096] Endgame KRB-KRN} Nd1 36. Re4 {[%emt 0:05:02] Prevents Ne3+.} Rf2+ 37. Kg1 Rf3 38. Kg2 (38. Rxe6 $142 {Re7+ is the strong threat.} Rxg3+ 39. Kh2) 38... Rf2+ {[%emt 0:00:05] [#]} 39. Kh3 $1 ({Resist} 39. Kg1 Rf6 40. Bb3 Nxb2 41. Bxe6 (41. Rxe6 Rxe6 42. Bxe6 Nd1 $16) 41... b6) 39... Rf6 ({Better is} 39... Nxb2 40. Bb3 b5) 40. Re1 Nf2+ {[%emt 0:00:12] This costs Black the game.} (40... Nxb2 $16 41. Bb3 b5) 41. Kg2 $18 Ng4 42. Bb3 e5 43. Re4 Nf2 44. Rxe5 Kh6 (44... Kf8 {is a better defense.} 45. Re2 Ng4) 45. Re2 ({Less strong is} 45. Re7 Nd1 46. g4 a5 $18) 45... Ng4 46. Bd5 Kg5 47. Bf3 Nh6 48. Re5+ Nf5 (48... Rf5 $142) 49. g4 {[%emt 0:00:23] White is clearly winning.} Rb6 50. gxf5 Rxb2 51. fxg6+ Kxg6 {[%emt 0:00:02] KRB-KR} 52. Re2 Rxa2 53. Bxb7 a5 54. Bd5 Rb2 55. Bb3 Rb1 56. Re4 {[%emt 0:00:14] Weighted Error Value: White=0.12 (very precise) /Black=0.24 (precise)} 1-0

[Event "87th Spanish Championship 2022"]
[Site "Linares"]
[Date "2022.08.16"]
[Round "7.12"]
[White "Espinosa Aranda, Angel"]
[Black "Fernandez Garcia, Jose Luis"]
[Result "1/2-1/2"]
[ECO "D02"]
[WhiteElo "2439"]
[BlackElo "2362"]
[Annotator "TA"]
[PlyCount "61"]
[EventDate "2022.08.11"]
[EventType "swiss"]
[EventCountry "ESP"]
[SourceTitle "playchess.com"]
[Source "ChessBase"]
[SourceQuality "1"]
[TimeControl "5400+30"]

1. d4 d5 2. Nf3 c5 3. c4 e6 4. cxd5 exd5 5. g3 Nc6 6. Bg2 c4 7. O-O Bb4 8. Nc3 Nge7 9. Ne5 O-O 10. Nxc6 bxc6 11. Na4 {[%emt 0:04:23] D33: Tarrasch Defence: 6 g3 sidelines.} Re8 12. Bd2 Rb8 13. Bxb4 {[%emt 0:03:30] White is slightly better.} Rxb4 14. b3 Nf5 15. e3 Nd6 16. Nc5 {[%emt 0:02:44] [#]} a5 $146 ({Predecessor:} 16... Bf5 17. Qd2 a5 18. f3 h5 19. Rfe1 Bg6 20. Rac1 Re7 21. Bf1 cxb3 22. axb3 Nb7 23. Nxb7 Rexb7 24. Rxc6 Rxb3 25. Rec1 Kh7 26. Ra6 {½-½ (26) Figura,A (2413)-Muse,D (2366) Berlin 2007}) 17. Rc1 g6 18. Re1 h5 19. h4 Bg4 20. Bf3 Qc8 21. bxc4 (21. Bxg4 {is more complex.} Qxg4 22. Qxg4 hxg4 23. Kf1) 21... Rxc4 (21... Bxf3 {looks sharper.} 22. Qxf3 Nxc4 23. Qf6 Rb2) 22. Rxc4 Nxc4 23. Bxg4 hxg4 24. e4 (24. Qd3 $14) 24... dxe4 $11 {[%emt 0:01:25] The position is equal.} 25. Nxe4 {[%emt 0:00:43] [#] Strongly threatening Nf6+.} Re6 {[%emt 0:03:10] Against Nf6+} 26. Nd2 ({Much weaker is} 26. Qxg4 f5 27. Qg5 (27. Qe2 $2 Nd6 $19) 27... fxe4 $17) 26... Rxe1+ 27. Qxe1 Nxd2 28. Qxd2 Qf5 29. a3 Qb1+ 30. Kg2 Qe4+ 31. Kg1 {[%emt 0:00:05] Weighted Error Value: White=0.09 (flawless) /Black=0.06 (flawless)} 1/2-1/2

[Event "87th Spanish Championship 2022"]
[Site "Linares"]
[Date "2022.08.16"]
[Round "7.13"]
[White "Bernabeu Lopez, Carlos Javier"]
[Black "Martinez-Conde Hernandez, Carlos"]
[Result "0-1"]
[ECO "E97"]
[WhiteElo "2421"]
[BlackElo "2205"]
[Annotator "TA"]
[PlyCount "100"]
[EventDate "2022.08.11"]
[EventType "swiss"]
[EventCountry "ESP"]
[SourceTitle "playchess.com"]
[Source "ChessBase"]
[SourceQuality "1"]
[TimeControl "5400+30"]

1. d4 Nf6 2. c4 g6 3. Nf3 Bg7 4. Nc3 O-O 5. e4 d6 6. Be2 e5 7. O-O Nc6 8. Be3 Re8 9. d5 Nd4 10. h3 Bd7 {[%emt 0:13:38] E97: King's Indian: Classical Main Line (6...e5 7 0-0 Nc6): 8 Be3 and 8 d5 Ne7, not 9 Ne1.} 11. Re1 Nxe2+ 12. Qxe2 Nh5 {[%emt 0:01:01] The position is equal.} 13. Qd2 f5 {[%emt 0:09:11] [#]} 14. exf5 $146 ({Predecessor:} 14. Bg5 Qc8 15. Bh6 f4 16. Bxg7 Kxg7 17. Kh2 Rf8 18. b4 b6 19. c5 bxc5 20. bxc5 {1-0 (49) Daeubler,H (2158)-Kracht,H (2019) Niederhausen 2016}) 14... gxf5 {[%emt 0:00:02] [#] Strongly threatening ...f4.} 15. Bg5 Bf6 16. Bxf6 Qxf6 17. Qg5+ Qxg5 18. Nxg5 h6 19. Nf3 Nf4 20. Rad1 Kf7 21. Kh2 e4 22. Nd4 Rg8 23. g3 Nd3 24. Re2 Ne5 25. Rc2 a6 26. Nce2 c5 27. dxc6 $1 bxc6 28. Nf4 a5 29. Kg2 a4 30. Nde2 {[%emt 0:06:36] Pair of Knights!} Ke7 31. b3 axb3 32. axb3 Rgb8 33. Rcd2 Nf7 34. Ng6+ Kd8 35. Rb2 Rb4 36. Nd4 Rab8 37. Nf8 (37. c5 {looks sharper.} Ke8 38. cxd6 c5 39. Nc2) 37... Rxc4 $1 38. Nxd7 Kxd7 39. Nxf5 Rc5 40. g4 Rg8 {[%emt 0:02:54] [#] White must now prevent ...Rxf5.} 41. Ra2 $2 Rxf5 $1 $19 {[%emt 0:00:24] Black is clearly winning.} 42. Ra7+ Ke6 43. Rd4 Re5 44. Rb4 Ng5 45. Rb6 c5 46. Raa6 Rd5 47. Ra4 Rd4 48. Ra7 h5 49. Rbb7 hxg4 50. hxg4 Nf3 {[%emt 0:00:53] Weighted Error Value: White=0.42/Black=0.08 (flawless)} 0-1

[Event "87th Spanish Championship 2022"]
[Site "Linares"]
[Date "2022.08.16"]
[Round "7.14"]
[White "Gomez Dieguez, David"]
[Black "Tejedor Fuente, Enrique"]
[Result "0-1"]
[ECO "B23"]
[WhiteElo "2372"]
[BlackElo "2419"]
[Annotator "TA"]
[PlyCount "94"]
[EventDate "2022.08.11"]
[EventType "swiss"]
[EventCountry "ESP"]
[SourceTitle "playchess.com"]
[Source "ChessBase"]
[SourceQuality "1"]
[TimeControl "5400+30"]

1. e4 c5 2. Nc3 a6 3. Nge2 b5 4. g3 Bb7 5. Bg2 b4 6. Na4 {[%emt 0:00:25] B23: Closed Sicilian: Lines without g3.} e5 7. c3 {[%emt 0:08:48] [#]} bxc3 $146 ({Predecessor:} 7... Nf6 8. d4 bxc3 9. dxe5 cxb2 10. Bxb2 Nxe4 11. O-O Be7 12. Qc2 d5 13. exd6 Nxd6 14. Bxb7 Nxb7 15. Bxg7 {1-0 (26) Motylev,A (2641)-Ogloblin,N (2346) Chess.com INT 2020}) 8. bxc3 {[%emt 0:00:47] White is better.} Nf6 9. Qb3 (9. f4 $16) 9... Qc7 (9... Bxe4 $2 10. Bxe4 Nxe4 11. Qd5 $18) 10. Rb1 Ra7 (10... Bxe4 $2 11. Bxe4 Nc6 12. Nb6 $18) 11. d4 d6 12. O-O Nbd7 13. d5 Be7 14. c4 h5 15. Bd2 h4 16. Nc1 g6 17. Qc2 Kf8 18. Nb3 Kg7 19. Na5 Ba8 20. Bc3 Qc8 21. Qe2 Nh5 22. Bf3 Nhf6 23. Bg4 ({Better is} 23. Rb3 $16) 23... hxg3 24. hxg3 Qg8 25. Kg2 Nxe4 26. Qxe4 $18 f5 {[%emt 0:00:04] [#]} 27. Bxf5 Nf6 28. Qd3 (28. Bxe5 dxe5 29. Qxe5 gxf5 $11) 28... gxf5 29. Qxf5 ({White should play} 29. Nb6 $16) 29... Bxd5+ 30. cxd5 Qxd5+ 31. f3 {[%emt 0:00:03] Threatens to win with Rh1.} Rh5 32. Qc8 {[%emt 0:03:20] Black must now prevent Rbd1.} Ra8 33. Qb7 Rah8 34. Rh1 {[%emt 0:02:50][%mdl 8192] [#] Against Rh2+} (34. Qxe7+ Kg6 35. Rh1 (35. Rb7 Rh2+ 36. Kg1 Rh1+ 37. Kf2 Rxf1+ 38. Kxf1 Qxf3+ 39. Ke1 Qh1+ 40. Kf2 Rh2+ 41. Ke3 Qe4#) 35... Qd3 36. Rxh5 (36. Rbf1 Qe2+ 37. Rf2 Rxh1) 36... Qc2+ 37. Bd2 Qxd2+ 38. Kg1 Rxh5 39. Nc6 (39. Rb7 Qe1+ 40. Kg2 Qh1+ 41. Kf2 Rh2+ 42. Ke3 Qg1+ 43. Kd3 Qd4#) 39... Qe3+ 40. Kg2 Qe2+ 41. Kg1 Qxf3) (34. Qxd5 $1 $11 {and White has nothing to worry.} Rh2+ 35. Kg1 Nxd5 36. Rb3) 34... Qd3 $1 $19 35. Rxh5 (35. Qxe7+ Kg6 36. Rxh5 Qc2+ 37. Bd2 Qxd2+ 38. Kg1 Rxh5 39. Nc3 Qh2+ 40. Kf1 Qc2 41. Ne2 Qxb1+ 42. Kg2 Rh1 43. Kf2 Rh2+ 44. Ke3 Nd5+ 45. Kd2 Qxa2+ 46. Kd1 Qxe2+ 47. Kc1 Rh1#) 35... Qe2+ 36. Kg1 Rxh5 $40 {[%emt 0:00:02][%mdl 128] Black wants a kill. The board is on fire.} 37. Re1 ({Don't go for} 37. Qxe7+ $2 Kg6 38. Qb7 (38. Rb7 Qh2+ 39. Kf1 Qh1+ 40. Kf2 Rh2+ 41. Ke3 Qc1+ 42. Kd3 Qf1+ 43. Ke3 Qe2#) 38... e4 $19) 37... Qh2+ 38. Kf1 Qxg3 39. Ke2 $2 {[%emt 0:01:17] [#]} (39. Qxe7+ Kg6) (39. Nxc5 {keeps fighting.} Kg6 40. Qb1+ Kg7 41. Qb7) 39... Rh2+ $1 {[%emt 0:00:11][%mdl 64] Skewer} 40. Kd1 {[%emt 0:00:01] [#]} (40. Kd3 $142 Kg6 41. Bd2) 40... Qg2 $1 41. Qb3 {[%emt 0:00:54] Inhibits Qc2+.} (41. Qxe7+ {leads to mate.} Kg6) 41... Nd5 {[%emt 0:01:31][%cal Oe7g5] ( -> ...Bg5!)} 42. Kc1 $2 (42. Nc4 Bh4 43. Nxd6 Qxf3+ 44. Kc1 Qf4+ 45. Kb1 Nxc3+ 46. Nxc3 Bxe1 47. Nd5) 42... Nxc3 43. Qxc3 Bg5+ {[%emt 0:00:04][%cal Be7g5,Bg5c1,Bc1e3][%mdl 32] Black mates.} 44. Kd1 Qxa2 45. Nb3 Qb1+ 46. Nc1 Bxc1 47. Rxe5 Be3+ {[%emt 0:00:34] Never resign too early!  Weighted Error Value: White=0.66/Black=0.20 (precise)} 0-1

[Event "87th Spanish Championship 2022"]
[Site "Linares"]
[Date "2022.08.16"]
[Round "7.15"]
[White "Carbonell Sancho, Marc"]
[Black "Ingunza Curro, Andres"]
[Result "1-0"]
[ECO "B63"]
[WhiteElo "2284"]
[BlackElo "2370"]
[Annotator "TA"]
[PlyCount "53"]
[EventDate "2022.08.11"]
[EventType "swiss"]
[EventCountry "ESP"]
[SourceTitle "playchess.com"]
[Source "ChessBase"]
[SourceQuality "1"]
[TimeControl "5400+30"]

1. e4 c5 2. Nf3 Nc6 3. d4 cxd4 4. Nxd4 Nf6 5. Nc3 d6 6. Bg5 e6 7. Qd2 Qb6 8. Nb3 Be7 {[%emt 0:00:15] 8...a6 is more advanced technology.} 9. O-O-O O-O 10. f4 Rd8 {[%emt 0:00:30] B63: Sicilian: Richter-Rauzer: 7...Be7 and unusual Black 7th moves.} 11. Be2 a6 12. g4 Qc7 {[%emt 0:13:10] The position is equal.} 13. h4 b5 {[%emt 0:00:49] [#]} 14. Bxf6 $146 ({Predecessor:} 14. Bf3 Bb7 15. h5 Rac8 16. Kb1 b4 17. Ne2 d5 18. exd5 Nxd5 19. Qc1 Bxg5 20. Bxd5 {½-½ (57) Petrik,T (2450)-Plachetka,J (2441) Slovakia 2005}) 14... Bxf6 15. g5 Be7 16. g6 (16. h5 $14) 16... fxg6 $15 17. h5 Bf6 ({Black should play} 17... g5 $1 $15 18. h6 g6 19. fxg5 Bd7) 18. hxg6 $14 {[%emt 0:00:29][%cal Oc3d5] [#] Threatens to win with Nd5!} h6 19. Bg4 {[%emt 0:02:30] White is more active.} (19. Rh5 $14) 19... b4 (19... Ne5 $5 20. Bxe6+ (20. fxe5 Bg5 $11) 20... Bxe6 $11) 20. Ne2 d5 {[%emt 0:00:11] Strongly threatening ...e5.} 21. Qd3 {[%emt 0:07:14] Hoping for Kb1.} e5 ({But not} 21... dxe4 22. Qxe4 Rb8 23. Bxe6+ Kh8 24. Rxd8+ Qxd8 25. Bf7 $16 (25. Qxc6 Bb7 $17)) 22. Bxc8 Raxc8 23. exd5 {[%emt 0:00:09] And now d6 would win.} Ne7 24. Qe4 $36 {[%emt 0:03:42][%mdl 2048] White is pushing.} exf4 $2 (24... a5 $11) 25. Qe6+ {[%emt 0:04:24] White mates.} Kh8 {[%emt 0:00:08] [#]} 26. Rxh6+ $3 gxh6 27. Qxf6+ {[%emt 0:00:05] Weighted Error Value: White=0.23 (precise) /Black=0.54} 1-0